 Dungeon Sprint DCSS version 0.18-a0-1643-gb89d9db (webtiles) character file.

1078 Kidiri the Fighter (level 8, -14/85 HPs)
             Began as a Naga Fighter on Mar 28, 2016.
             Was a High Priest of Cheibriados.
             Killed from afar by a deep elf mage (27 damage)
             ... with a bolt of fire
             ... in the Dungeon (Sprint V: "Ziggurat Sprint").
             The game lasted 00:03:05 (209 turns).

Kidiri the Fighter (Naga Fighter)                    Turns: 209, Time: 00:03:06

Health: -14/85     AC: 26    Str: 46    XL:     8   Next: 29%
Magic:  5/13       EV:  1    Int: 22    God:    Cheibriados [*****.]
Gold:   0          SH: 33    Dex: 23    Spells: 0 memorised, 7 levels left

rFire  . . .     SeeInvis +     a - +6 shillelagh "Devastator" {shatter}
rCold  . . .     Gourm    .     N - +15 Maxwell's patent armour {-Cast -Tele rElec MR+ rCorr}
rNeg   + . .     Faith    .     O - +18 shield of the gong {rElec rN+ MR+ EV-5}
rPois  +         Spirit   .     (no helmet)
rElec  +         Dismiss  .     (no cloak)
rCorr  +         Reflect  .     (no gloves)
SustAt .         Harm     .     (no barding)
MR     +++..     NoTele   +     (no amulet)
Stlth  .......... NoCast   +    E - +6 ring of strength
                                D - +6 ring of strength

@: liquid flames, glowing, very slow, extremely resistant to hostile
enchantments, extremely unstealthy
A: see invisible, deformed body, poison resistance, slowness 2, slow metabolism
1, spit poison 2, AC +2
a: Spit Poison, Bend Time, Temporal Distortion, Slouch, Step From Time, Renounce
Religion


You were in the Dungeon.
You worshipped Cheibriados.
Cheibriados was extremely pleased with you.
You were not hungry.

You visited 1 branch

Inventory:

Hand Weapons
 a - the +6 shillelagh "Devastator" (weapon) {shatter}
   (You found it in the Dungeon)
Armour
 N - the +15 Maxwell's patent armour (worn) {-Cast -Tele rElec MR+ rCorr}
   (You found it in the Dungeon)

   It insulates you from electricity.
   It affects your resistance to hostile enchantments.
   It prevents spellcasting.
   It prevents most forms of teleportation.
   It protects you from acid and corrosion.
 O - the +18 shield of the gong (worn) {rElec rN+ MR+ EV-5}
   (You found it in the Dungeon)

   It affects your evasion (-5).
   It insulates you from electricity.
   It protects you from negative energy.
   It affects your resistance to hostile enchantments.
Jewellery
 D - a +6 ring of strength (left hand)
 E - a +6 ring of strength (right hand)
Wands
 F - a wand of disintegration (7/24)
 G - a wand of iceblast (5/15)
 H - a wand of lightning (5/15)
 I - a wand of acid (5/15)
Scrolls
 k - 4 scrolls of blinking
 q - 4 scrolls of amnesia
 r - 3 scrolls of recharging
 s - 7 scrolls of fog
 t - a scroll of holy word
 u - 5 scrolls of identify
 v - 5 scrolls of remove curse
 w - 2 scrolls of fear
Potions
 d - 6 potions of might
 e - 10 potions of curing
 g - 10 potions of heal wounds
 i - 7 potions of magic
 l - 2 potions of brilliance
 m - 2 potions of invisibility
 n - 4 potions of resistance
 p - 5 potions of agility
Comestibles
 b - 3 chunks of flesh
 f - 5 bread rations
 x - 42 fruits
 z - 4 meat rations


   Skills:
 * Level 9.5 Fighting
 + Level 6.4 Maces & Flails
 * Level 8.0 Armour
 * Level 8.1 Shields
 + Level 6.7 Invocations


You had 7 spell levels left.
You didn't know any spells.

Dungeon Overview and Level Annotations

Branches:
Dungeon (1/1)

Altars:
Ashenzari
Cheibriados
Dithmenos
Elyvilon
Fedhas
Gozag
Kikubaaqudgha
Makhleb
Nemelex Xobeh
Okawaru
Pakellas
Qazlal
Ru
Sif Muna
Trog
Vehumet
Xom
Yredelemnul
Zin
The Shining One
Beogh
Jiyva
Lugonu


Innate Abilities, Weirdness & Mutations

You cannot wear boots.
Your serpentine skin is tough (AC +2).
You have supernaturally acute eyesight.
Armour fits poorly on your strangely shaped body.
Your system is resistant to poisons.
You cover ground very slowly.
You have a slow metabolism.
You can spit poison.


Message History

The demonic crawler hits you but does no damage.
You block the deep elf mage's attack.
GONNNNG!
Unknown command.
You are covered in liquid flames!
* * * LOW HITPOINT WARNING * * *
You block the demonic crawler's attack.
GONNNNG!
The demonic crawler hits you but does no damage.
You block the demonic crawler's attack.
PANG!
The deep elf mage mumbles some strange words.
The demonic crawler hits you but does no damage.
You block the demonic crawler's attack.
PTOANNNG!
The demonic crawler hits you but does no damage.
The deep elf mage hits you but does no damage.
The deep elf mage gestures at you while chanting.
The bolt of fire hits you!
You die...

▓.....▓.....▓.....▓
▓.....▓.....▓▓▓▓▓▓▓
▓▓▓▓▓▓▓▓▓▓▓▓▓▓▓▓▓▓▓
▓..8©8...▓..8©8...▓
▓..|:)...▓..)|\...▓
▓...=....▓E.|.)...▓
▓........▓........▓
▓........▓..ee....▓
▓.▓....▓.▓.▓.@..▓.▓
▓........▓..sE....▓
▓▓▓▓▓▓▓▓▓▓▓▓▓▓▓▓▓▓▓


You could see a demonic crawler, 2 deep elf magi and 2 fire elementals.

Vanquished Creatures
  A dancing weapon (D)
  A water moccasin (shapeshifter) (D)
  A porcupine (D)
  A wolf (D)
  An earth elemental (D)
  2 quasits (D)
  3 shadow imps (D)
  A white imp (D)
  An ufetubus (D)
  An adder zombie (D)
  A bat zombie (D)
  A jackal (D)
  A jackal skeleton (D)
16 creatures vanquished.

Notes
Turn   | Place    | Note
--------------------------------------------------------------
     0 | D        | Kidiri the Naga Fighter began the quest for the Orb.
     0 | D        | Reached XP level 1. HP: 21/21 MP: 1/1
     0 | D        | Found a viscous altar of Jiyva.
     0 | D        | Found a roughly hewn altar of Beogh.
     0 | D        | Found a corrupted altar of Lugonu.
     0 | D        | Found a white marble altar of Elyvilon.
     0 | D        | Found a sparkling altar of Nemelex Xobeh.
     1 | D        | Found a burning altar of Makhleb.
     1 | D        | Found an iron altar of Okawaru.
     1 | D        | Found a deep blue altar of Sif Muna.
     1 | D        | Found a radiant altar of Vehumet.
     1 | D        | Found a bloodstained altar of Trog.
     1 | D        | Found a shimmering altar of Xom.
    70 | D        | Became a worshipper of Cheibriados the Contemplative
    71 | D        | Reached skill level 4 in Fighting
    71 | D        | Reached XP level 2. HP: 27/31 MP: 1/3
   117 | D        | Entered arena 1.
   119 | D        | Reached * piety under Cheibriados
   126 | D        | Entered arena 2.
   126 | D        | Noticed a porcupine
   126 | D        | Noticed a wolf
   127 | D        | Killed a wolf
   127 | D        | Reached ** piety under Cheibriados
   127 | D        | Reached skill level 5 in Fighting
   127 | D        | Reached XP level 3. HP: 37/40 MP: 3/5
   127 | D        | Reached XP level 4. HP: 44/48 MP: 3/6
   129 | D        | Killed a porcupine
   129 | D        | Reached skill level 6 in Fighting
   129 | D        | Reached skill level 5 in Armour
   129 | D        | Reached skill level 5 in Shields
   129 | D        | Reached XP level 5. HP: 51/56 MP: 3/8
   162 | D        | Entered arena 3.
   166 | D        | Reached *** piety under Cheibriados
   166 | D        | Reached **** piety under Cheibriados
   166 | D        | Reached XP level 6. HP: 63/63 MP: 9/9
   167 | D        | Reached skill level 7 in Fighting
   180 | D        | Entered arena 4.
   182 | D        | Reached ***** piety under Cheibriados
   193 | D        | Entered arena 5.
   193 | D        | Noticed a deep elf mage
   193 | D        | Noticed a water moccasin
   193 | D        | Noticed a scimitar of holy wrath
   193 | D        | Noticed a deep elf mage
   196 | D        | Noticed a fire elemental
   198 | D        | Noticed a demonic crawler
   198 | D        | Noticed a redback
   202 | D        | Killed a scimitar of holy wrath
   202 | D        | Reached skill level 9 in Fighting
   202 | D        | Reached XP level 7. HP: 37/76 MP: 9/11
   202 | D        | Reached XP level 8. HP: 41/85 MP: 9/12
   209 | D        | Killed from afar by a deep elf mage

Vault maps used:
D:        sprint_v

Skill      XL: |  1  2  3  4  5  6  7  8 |
---------------+-------------------------+-----
Fighting       | 4 5 6 9 |  9.5
Maces & Flails | 3 4 6 |  6.4
Armour         | 3 4 5 7 8 |  8.0
Shields        | 3 4 5 7 8 |  8.1
Invocations    | 2 3 4 6 |  6.7

Action                   |  1- 3 |  4- 6 |  7- 9 || total
-------------------------+-------+-------+-------++-------
Melee: Shillelagh        |     3 |    13 |     6 ||    22
Invok: Slouch            |       |       |     1 ||     1
 Abil: Spit Poison       |       |     1 |       ||     1
  Use: Potion            |     1 |     2 |       ||     3
